Map: Efflorescence LE

Players

qqq - Winner!

  • Race: Protoss Protoss
  • League: Platinum
  • Spawn Location: 12:00

Massa - Winner!

  • Race: Terran Terran
  • League: Platinum
  • Spawn Location: 3:00

Maxxor

  • Race: Protoss Protoss
  • Spawn Location: 9:00

FTFTXH

  • Race: Protoss Protoss
  • League: Platinum
  • Spawn Location: 6:00

VOD

Have the link to the VOD?

Description

Time

  • Played on: Sept. 26, 2020, 4:44 p.m.
  • Length: 15:21
Show
View Real Time Build Order
Export as new Build Order

qqq Protoss - Winner!

Build Orders: Carriers 

Get SALT Encoding   

  12  0:02  Probe  
  13  0:14  Probe  
  14  0:23  Pylon  
  14  0:28  Probe  
  15  0:41  Probe  
  16  0:49  Assimilator  
  16  0:54  Assimilator  
  15  0:59  Probe  
  17  1:11  Probe  
  17  1:15  Gateway  
  17  1:23  Probe  
  18  1:35  Probe  
  19  1:47  Probe  
  20  1:59  Probe  
  20  2:11  Probe  
  21  2:22  Nexus  
  21  2:38  Assimilator  
  21  2:42  Zealot  
  21  2:43  Assimilator  
  23  2:46  Pylon  
  23  2:56  Forge  
  23  3:04  Probe  
  24  3:14  Cybernetics Core  
  24  3:35  Probe  
  24  3:36  Probe  
  26  3:48  Probe x2  
  28  3:58  Pylon  
  28  4:00  Probe x2  
  30  4:10  Stargate  
  30  4:12  Probe x2  
  32  4:17  Photon Cannon  
  33  4:24  Probe x2  
  34  4:36  Probe x2  
  36  4:38  Stargate  
  36  4:48  Probe x2  
  38  5:00  Probe x2  
  40  5:09  Stalker  
  40  5:12  Probe x2, Phoenix  
  46  5:17  Assimilator  
  46  5:21  Assimilator  
  46  5:24  Probe x2  
  48  5:36  Probe  
  48  5:39  Probe, Stalker  
  48  5:42  Nexus  
  52  5:44  Pylon  
  52  5:46  Phoenix, Pylon  
  54  5:50  Pylon  
  54  5:55  Pylon  
  54  6:02  Probe, Phoenix  
  57  6:07  Fleet Beacon  
  57  6:11  Phoenix  
  59  6:24  Photon Cannon, Protoss Air Weapons Level 1  
  59  6:27  Phoenix  
  59  6:28  Photon Cannon  
  61  6:44  Phoenix  
  63  6:52  Phoenix  
  65  6:54  Probe  
  66  7:02  Photon Cannon  
  66  7:06  Probe  
  67  7:09  Carrier  
  73  7:18  Probe  
  67  7:30  Probe  
  64  7:41  Probe  
  64  7:43  Probe  
  66  7:49  Tempest  
  71  7:53  Probe  
  71  7:54  Assimilator  
  71  7:55  Probe  
  73  8:05  Probe, Nexus  
  74  8:07  Probe  
  74  8:08  Pylon  
  74  8:10  Pylon  
  75  8:14  Pylon  
  75  8:17  Probe  
  75  8:19  Probe  
  77  8:29  Probe  
  77  8:31  Probe  
  79  8:34  Pylon  
  79  8:35  Pylon  
  79  8:43  Probe  
  76  8:55  Probe  
  76  9:19  Carrier x2  
  88  9:26  Probe  
  88  9:30  Probe  
  90  9:38  Probe, Assimilator  
  90  9:42  Probe, Anion Pulse-Crystals  
  90  9:45  Protoss Air Armor Level 1  
  92  9:46  Photon Cannon  
  92  9:50  Probe  
  93  9:54  Probe  
  90  10:02  Probe x2  
  90  10:06  Probe  
  93  10:13  Carrier x2  
  93  10:14  Probe (Chrono Boost)  
  93  10:15  Probe (Chrono Boost)  
  93  10:20  Probe (Chrono Boost)  
  96  10:27  Probe (Chrono Boost)  
  110  10:33  Probe (Chrono Boost)  
  110  10:35  Probe (Chrono Boost)  
  111  10:41  Probe  
  112  10:47  Stargate  
  112  10:50  Stargate  
  112  10:52  Robotics Facility  
  112  10:53  Probe  
  113  10:59  Photon Cannon  
  113  11:01  Photon Cannon  
  113  11:05  Shield Battery  
  113  11:09  Photon Cannon  
  113  11:11  Void Ray  
  113  11:14  Photon Cannon  
  113  11:16  Probe  
  113  11:17  Photon Cannon, Phoenix  
  120  11:28  Probe  
  120  11:32  Nexus  
  121  11:40  Probe, Nexus  
  121  11:43  Pylon  
  121  11:47  Pylon  
  122  11:49  Pylon  
  122  11:52  Pylon  
  122  11:53  Probe  
  123  11:55  Pylon  
  123  11:56  Pylon  
  123  11:59  Pylon  
  131  12:01  Mothership  
  131  12:04  Tempest  
  131  12:05  Probe  
  131  12:07  Carrier, Phoenix  
  145  12:17  Probe  
  145  12:22  Tempest  
  151  12:32  Carrier  
  151  12:34  Photon Cannon  
  157  12:41  Photon Cannon  
  157  12:44  Photon Cannon  
  157  12:45  Probe  
  157  12:47  Photon Cannon  
  157  12:48  Observer  
  158  12:57  Probe  
  159  13:05  Probe  
  159  13:09  Probe, Observer  
  159  13:12  Carrier x2  
  174  13:17  Probe  
  175  13:30  Probe  
  175  13:31  Shield Battery  
  176  13:34  Photon Cannon  
  176  13:36  Probe, Photon Cannon  
  176  13:39  Photon Cannon  
  177  13:42  Probe, Photon Cannon  
  177  13:45  Tempest  
  183  13:48  Probe  
  183  13:54  Probe  
  185  14:00  Probe  
  186  14:06  Probe  
  187  14:13  Probe  
  182  14:18  Probe  
  182  14:19  Tempest  
  200  15:06  Photon Cannon, Shield Battery  
  200  15:11  Shield Battery  
  200  15:14  Photon Cannon  
  198  15:16  Photon Cannon  
  198  15:17  Photon Cannon  
  198  15:18  Pylon  
Show
View Real Time Build Order
Export as new Build Order

Massa Terran - Winner!

Build Orders:  

Get SALT Encoding   

  12  0:00  SCV  
  13  0:12  SCV  
  14  0:21  Supply Depot  
  14  0:24  SCV  
  15  0:42  SCV  
  16  0:43  Barracks  
  16  0:52  Refinery  
  16  0:54  SCV  
  17  1:15  SCV  
  18  1:27  SCV  
  18  1:30  Supply Depot  
  19  1:39  Reaper, Orbital Command  
  20  2:16  Marine  
  21  2:29  Barracks, Factory  
  21  2:31  Supply Depot  
  21  2:34  Marine  
  22  2:55  Supply Depot  
  22  2:56  Command Center  
  22  3:18  Supply Depot  
  22  3:20  SCV  
  22  3:25  Factory Tech Lab  
  22  3:32  SCV  
  23  3:42  Marine  
  23  3:44  SCV  
  23  3:48  Siege Tank  
  28  3:55  Barracks Tech Lab  
  28  3:56  SCV  
  28  4:00  Marine  
  30  4:08  SCV  
  31  4:20  SCV  
  31  4:23  Siege Tank  
  35  4:30  Reaper  
  36  4:36  Refinery  
  36  4:39  Engineering Bay  
  36  4:42  Engineering Bay  
  36  4:44  Command Center  
  34  5:24  Stimpack  
  34  5:30  Barracks  
  34  5:32  Barracks  
  34  5:33  Terran Infantry Armor Level 1  
  34  5:36  Orbital Command  
  34  5:37  SCV  
  34  5:42  Refinery  
  35  5:46  Barracks Reactor  
  35  5:49  SCV  
  36  6:01  SCV  
  37  6:07  Siege Tank  
  37  6:09  Orbital Command  
  40  6:17  Marauder  
  40  6:18  Marine x2  
  43  6:24  Refinery  
  44  6:29  SCV x2  
  46  6:35  Marine  
  46  6:39  Marauder  
  49  6:41  SCV x2  
  51  6:47  Armory  
  51  6:53  SCV x2  
  54  6:59  Marine x2  
  54  7:00  Marine  
  58  7:02  Barracks Reactor  
  58  7:04  Concussive Shells  
  58  7:06  Barracks Reactor  
  56  7:12  Armory  
  56  7:16  Missile Turret  
  56  7:17  Marine  
  56  7:18  Marauder, Missile Turret  
  56  7:22  Missile Turret  
  59  7:24  Missile Turret  
  59  7:37  Marine x2  
  59  7:39  Marauder  
  59  7:40  Widow Mine  
  59  7:41  Missile Turret  
  59  7:42  Missile Turret  
  65  7:44  Missile Turret  
  65  7:47  SCV, Missile Turret, Combat Shield  
  65  7:48  SCV  
  67  7:54  SCV  
  68  8:00  SCV x2  
  68  8:03  Ghost Academy  
  70  8:06  Missile Turret  
  70  8:08  Terran Infantry Weapons Level 1  
  70  8:30  Terran Infantry Armor Level 2  
  70  8:38  Siege Tank  
  73  8:43  Marauder, Marine  
  73  8:44  Marine x4  
  80  9:05  Marauder  
  82  9:20  SCV x2, Orbital Command  
  84  9:32  SCV  
  85  9:42  Enhanced Shockwaves  
  85  9:43  Supply Depot x3  
  85  9:44  Supply Depot x2  
  85  9:45  Supply Depot  
  85  9:47  Ghost Academy  
  85  10:04  SCV x2, Marine x3  
  85  10:05  Marauder  
  85  10:06  SCV  
  93  10:07  Supply Depot  
  93  10:11  Supply Depot  
  93  10:16  SCV x2  
  93  10:19  SCV  
  96  10:25  Ghost  
  98  10:28  SCV x2  
  94  10:45  SCV x3  
  97  10:54  Ghost  
  99  10:57  SCV x3  
  102  11:08  Personal Cloaking  
  102  11:09  Nuke  
  102  11:11  Missile Turret x2  
  102  11:12  Missile Turret  
  102  11:22  Ghost  
  104  11:35  Starport  
  104  11:36  Missile Turret x2  
  104  11:41  Missile Turret  
  104  11:47  Terran Vehicle And Ship Armor Level 1, Terran Vehicle Weapons Level 1  
  104  11:49  Terran Infantry Weapons Level 2, Terran Infantry Armor Level 3  
  104  11:55  Command Center  
  104  11:57  Missile Turret  
  104  12:02  Missile Turret  
  104  12:24  Ghost  
  104  12:25  Marine x2  
  104  12:26  Marine x4  
  112  12:34  Nuke  
  112  12:43  Marine x4  
  112  12:44  Marine x2  
  118  12:52  Ghost  
  120  13:22  Marauder  
  122  13:33  Nuke  
  122  13:35  Nuke  
  122  13:43  Marauder  
  124  13:49  Marine x5  
  124  13:50  Marine  
  130  14:04  Marauder  
  132  14:18  Refinery  
  132  14:21  Refinery  
  132  14:26  Marauder  
  134  14:47  Marauder  
  134  14:48  Siege Tank  
  134  14:51  Marine  
  134  14:52  Marine x3  
  141  14:53  Marine x2  
  137  15:09  SCV x2  
  142  15:18  Starport Tech Lab  
Show
View Real Time Build Order
Export as new Build Order

Maxxor Protoss 

Build Orders: Cannon Rush, Carriers 

Get SALT Encoding   

  12  0:00  Probe (Chrono Boost)  
  13  0:10  Probe (Chrono Boost)  
  14  0:24  Pylon  
  14  0:26  Probe  
  15  0:42  Forge  
  15  1:03  Pylon  
  15  1:08  Probe (Chrono Boost)  
  17  1:18  Probe (Chrono Boost)  
  17  1:20  Photon Cannon  
  17  1:28  Photon Cannon  
  17  1:33  Photon Cannon  
  17  1:36  Probe  
  18  1:48  Probe  
  18  1:49  Photon Cannon  
  19  1:57  Pylon  
  18  2:22  Nexus  
  18  2:34  Gateway  
  15  3:20  Pylon  
  13  3:29  Probe (Chrono Boost)  
  14  3:39  Probe (Chrono Boost)  
  15  3:44  Probe (Chrono Boost)  
  15  3:54  Cybernetics Core  
  15  3:55  Photon Cannon  
  15  3:58  Probe (Chrono Boost)  
  15  4:00  Pylon  
  15  4:01  Probe (Chrono Boost)  
  19  4:11  Probe (Chrono Boost)  
  19  4:12  Probe (Chrono Boost)  
  19  4:20  Probe (Chrono Boost)  
  19  4:21  Probe (Chrono Boost)  
  19  4:23  Assimilator  
  21  4:25  Probe (Chrono Boost)  
  21  4:27  Probe (Chrono Boost), Assimilator  
  23  4:34  Probe  
  24  4:39  Probe  
  24  4:45  Photon Cannon  
  25  4:51  Probe (Chrono Boost)  
  26  5:01  Assimilator  
  26  5:03  Probe (Chrono Boost)  
  27  5:07  Probe (Chrono Boost)  
  28  5:17  Probe  
  29  5:30  Probe  
  29  5:32  Pylon  
  30  5:42  Probe  
  31  5:48  Assimilator  
  31  5:51  Probe  
  31  5:52  Nexus  
  31  5:54  Probe  
  33  6:00  Stargate  
  33  6:03  Stargate  
  34  6:04  Probe (Chrono Boost)  
  34  6:06  Probe (Chrono Boost)  
  35  6:18  Probe (Chrono Boost)  
  36  6:24  Probe (Chrono Boost)  
  37  6:32  Probe  
  38  6:34  Photon Cannon  
  38  6:44  Probe  
  39  6:50  Oracle x2 (Chrono Boost)  
  45  7:00  Probe  
  46  7:12  Probe  
  46  7:14  Void Ray (Chrono Boost)  
  46  7:15  Void Ray (Chrono Boost)  
  55  7:24  Probe  
  56  7:37  Probe  
  51  7:48  Probe  
  51  7:49  Probe  
  53  7:53  Protoss Shields Level 1  
  53  8:00  Probe  
  53  8:01  Probe  
  55  8:06  Protoss Air Weapons Level 1  
  55  8:07  Assimilator  
  55  8:12  Probe, Assimilator  
  64  8:24  Probe  
  57  8:36  Probe  
  55  8:49  Probe  
  52  9:01  Probe  
  45  9:12  Stargate  
  45  9:13  Probe  
  45  9:14  Stargate  
  43  9:17  Stargate  
  43  9:19  Stargate  
  42  9:25  Probe  
  40  9:37  Probe (Chrono Boost)  
  40  9:48  Probe (Chrono Boost)  
  41  9:53  Probe (Chrono Boost)  
  42  10:03  Probe  
  35  10:15  Probe  
  36  10:22  Fleet Beacon  
  36  10:28  Probe (Chrono Boost)  
  37  10:38  Probe (Chrono Boost)  
  38  10:42  Probe (Chrono Boost)  
  38  10:54  Probe  
  33  11:13  Carrier x2  
  44  11:25  Pylon  
  44  11:27  Pylon  
  44  11:29  Pylon  
  44  11:30  Nexus  
  44  11:45  Carrier (Chrono Boost)  
  49  12:01  Carrier (Chrono Boost)  
  55  12:42  Carrier x2  
  55  12:43  Shield Battery  
  67  12:45  Shield Battery  
  67  12:48  Shield Battery  
  67  12:51  Shield Battery  
  67  13:01  Probe  
  68  13:13  Probe  
  69  13:25  Probe  
  70  13:38  Pylon  
  70  13:40  Pylon  
  70  13:56  Probe, Carrier  
  77  14:08  Probe  
  60  14:24  Probe (Chrono Boost)  
  61  14:34  Probe (Chrono Boost)  
  62  14:39  Probe (Chrono Boost)  
  63  14:50  Probe  
  58  15:03  Probe  
Show
View Real Time Build Order
Export as new Build Order

FTFTXH Protoss 

Build Orders:  

Get SALT Encoding   

  12  0:00  Probe (Chrono Boost)  
  13  0:10  Probe (Chrono Boost)  
  14  0:19  Pylon  
  14  0:24  Probe  
  15  0:37  Probe  
  15  0:41  Gateway  
  16  0:52  Forge  
  16  0:57  Probe  
  17  1:12  Pylon  
  17  1:18  Pylon  
  16  1:38  Probe  
  17  1:41  Assimilator  
  17  1:46  Photon Cannon  
  17  1:48  Gateway  
  17  1:50  Probe  
  17  1:52  Cybernetics Core  
  18  1:56  Pylon  
  18  2:02  Probe  
  19  2:10  Pylon  
  19  2:21  Pylon  
  18  2:25  Probe  
  19  2:37  Probe  
  20  2:48  Assimilator, Warp Gate  
  20  2:53  Probe  
  21  3:05  Probe  
  22  3:10  Gateway  
  21  3:14  Photon Cannon  
  21  3:25  Probe  
  22  3:28  Pylon  
  22  3:33  Adept x2  
  26  3:34  Gateway  
  26  3:37  Probe  
  27  3:45  Gateway  
  27  4:06  Pylon  
  27  4:13  Pylon  
  27  4:17  Shield Battery  
  27  4:26  Photon Cannon  
  27  4:52  Photon Cannon  
  27  5:04  Pylon, Shield Battery  
  26  5:14  Nexus  
  26  5:28  Pylon  
  26  5:32  Stalker  
  26  5:33  Stalker  
  26  5:35  Stalker  
  32  5:43  Sentry  
  32  5:45  Probe  
  35  5:52  Twilight Council  
  35  6:04  Photon Cannon  
  35  6:31  Probe (Chrono Boost)  
  35  6:41  Probe (Chrono Boost)  
  35  6:43  Stalker x2  
  35  6:46  Probe (Chrono Boost), Stalker  
  43  6:57  Probe  
  44  7:09  Probe (Chrono Boost)  
  44  7:18  Probe (Chrono Boost)  
  44  7:21  Photon Cannon  
  44  7:23  Probe  
  44  7:26  Stalker x3  
  51  7:30  Probe  
  51  7:36  Probe  
  52  7:42  Probe  
  53  7:50  Dark Shrine  
  53  7:59  Pylon  
  53  8:02  Probe (Chrono Boost), Assimilator  
  54  8:06  Assimilator  
  54  8:12  Probe (Chrono Boost)  
  55  8:14  Photon Cannon  
  55  8:17  Probe (Chrono Boost)  
  55  8:18  Pylon  
  56  8:29  Probe  
  57  8:41  Probe  
  56  8:53  Probe  
  54  9:00  Stalker x3  
  54  9:01  Stalker  
  62  9:07  Gateway x2  
  62  9:09  Gateway  
  62  9:10  Gateway  
  62  9:27  Stalker  
  62  9:28  Stalker x3  
  62  9:30  Stalker  
  72  9:36  Photon Cannon  
  72  9:44  Pylon  
  72  9:46  Pylon  
  72  10:09  Dark Templar x4  
  72  10:12  Dark Templar  
  82  10:19  Probe  
  83  10:27  Photon Cannon  
  82  10:31  Probe  
  69  10:36  Shield Battery  
  69  10:39  Shield Battery  
  61  10:43  Probe, Pylon  
  62  10:55  Probe  
  63  11:07  Probe  
  54  11:35  Pylon  
  54  11:37  Nexus  
  54  11:42  Pylon  
  54  11:45  Assimilator  
  54  11:52  Photon Cannon  
  54  11:55  Photon Cannon  
  54  11:58  Protoss Ground Weapons Level 1  
  54  12:04  Dark Templar x2  
  54  12:06  Stalker  
  54  12:07  Zealot x5  
  54  12:08  Zealot  
  52  12:33  Stalker x2  
  52  12:34  Stalker  
  58  12:43  Probe  
  59  12:55  Probe  
  56  13:07  Probe  
  56  13:08  Photon Cannon  
  51  13:15  Stalker x4  
  51  13:16  Stalker x2  
  51  13:17  Stalker  
  51  13:19  Probe  
  66  13:42  Pylon  
  66  13:46  Photon Cannon  
  66  14:01  Photon Cannon  
  50  14:35  Nexus  
  50  14:37  Dark Templar x2  
  50  14:38  Dark Templar x2  
  56  14:40  Zealot  
  56  14:41  Zealot  
Tags
 
Add a new tag
Caveats
  • Supply blocks, unpowered buildings, or Contaminate may cause inaccurate times.
  • Supply counts are checked every 10 seconds.